Map: Dusk Towers

Players

HyuN - Winner!

  • Race: Zerg Zerg

TOP

  • Race: Terran Terran

Event: Homestory Cup XII

VOD

Have the link to the VOD?

Description

Time

  • Played on: Dec. 19, 2015, 1:25 p.m.
  • Length: 22:40

All games in this series

Show
View Real Time Build Order
Export as new Build Order

HyuN Zerg - Winner!

Build Orders: Hatch First 

Get SALT Encoding   

  12  0:00  Drone  
  13  0:13  Overlord  
  13  0:17  Drone  
  14  0:31  Drone x2  
  14  0:35  Drone  
  17  0:51  Hatchery  
  17  0:54  Drone  
  17  0:57  Drone  
  18  1:07  Extractor  
  17  1:13  Spawning Pool  
  17  1:15  Drone  
  17  1:18  Drone  
  18  1:29  Drone  
  19  1:39  Overlord  
  19  1:59  Queen  
  19  2:00  Zergling x4  
  23  2:03  Queen  
  23  2:04  Drone  
  26  2:08  Metabolic Boost  
  26  2:12  Zergling x2  
  26  2:14  Overlord  
  27  2:23  Drone  
  27  2:25  Drone  
  29  2:35  Drone, Queen  
  32  2:44  Drone x2  
  34  2:51  Drone  
  34  2:55  Drone  
  36  2:59  Drone  
  37  3:08  Drone  
  37  3:09  Drone x4  
  42  3:15  Drone x2, Overlord  
  44  3:20  Overlord  
  44  3:31  Hatchery  
  43  3:34  Drone x3  
  43  3:35  Roach Warren  
  43  3:40  Lair  
  43  3:41  Drone  
  46  3:44  Drone, Extractor  
  46  3:45  Extractor  
  46  3:46  Drone  
  46  3:48  Drone  
  47  3:50  Drone  
  47  3:52  Drone  
  47  3:53  Drone  
  50  3:56  Drone  
  50  3:58  Drone  
  50  4:00  Drone  
  53  4:06  Overlord  
  52  4:16  Roach  
  52  4:17  Roach x2  
  58  4:18  Overlord  
  58  4:19  Overlord  
  58  4:26  Roach x2  
  58  4:28  Evolution Chamber, Roach  
  58  4:29  Evolution Chamber  
  63  4:31  Drone  
  63  4:34  Drone  
  63  4:35  Spore Crawler  
  63  4:42  Drone  
  63  4:43  Drone  
  63  4:45  Drone  
  66  4:53  Zergling x4  
  66  4:54  Drone x2  
  66  4:55  Drone x4  
  74  5:01  Zerg Ground Armor Level 1, Zerg Melee Weapons Level 1  
  74  5:04  Infestation Pit  
  73  5:09  Overlord  
  73  5:11  Overlord, Extractor  
  73  5:13  Overlord  
  72  5:18  Drone  
  73  5:23  Drone  
  74  5:28  Overlord  
  74  5:29  Drone x6  
  74  5:33  Drone x2  
  74  5:35  Extractor  
  81  5:36  Extractor  
  81  5:41  Drone x3  
  81  5:42  Drone x2  
  85  5:44  Drone  
  86  5:55  Ravager x3  
  86  5:56  Overlord x2  
  89  5:58  Drone x2  
  89  5:59  Drone x4, Ravager  
  96  6:06  Overlord x2  
  96  6:10  Pathogen Glands  
  95  6:20  Queen  
  97  6:26  Drone  
  97  6:29  Drone, Spore Crawler  
  97  6:30  Drone  
  99  6:33  Hatchery  
  99  6:38  Infestor x4  
  106  6:40  Zergling x6  
  106  6:41  Zergling x14  
  106  6:44  Spore Crawler  
  115  6:47  Hive  
  115  6:48  Zergling x2  
  115  6:52  Zergling x2  
  115  6:53  Zergling x2  
  118  7:00  Hatchery  
  117  7:01  Baneling Nest  
  117  7:02  Zerg Melee Weapons Level 2  
  116  7:10  Zerg Ground Armor Level 2  
  116  7:13  Overlord x4  
  115  7:32  Drone  
  115  7:33  Drone x3  
  115  7:34  Drone x8  
  115  7:36  Ravager x2  
  129  7:42  Extractor  
  128  7:48  Zergling x14, Extractor  
  128  7:49  Zergling x6  
  136  7:57  Zergling x6  
  139  8:01  Adrenal Glands  
  139  8:04  Ultralisk Cavern  
  138  8:23  Drone x2, Centrifical Hooks  
  138  8:26  Zergling x20  
  138  8:27  Overlord x4  
  150  8:30  Pneumatized Carapace  
  150  8:33  Queen  
  152  8:38  Spore Crawler  
  151  8:44  Spine Crawler  
  148  8:58  Drone x2  
  148  9:01  Drone  
  148  9:04  Chitinous Plating  
  148  9:05  Spore Crawler  
  148  9:06  Ultralisk x5  
  177  9:11  Overlord  
  177  9:15  Drone  
  177  9:16  Drone x3  
  181  9:19  Ultralisk  
  181  9:22  Baneling x7  
  185  9:31  Queen  
  185  9:32  Queen  
  189  9:39  Ultralisk  
  195  9:50  Burrow  
  195  9:54  Baneling  
  195  9:55  Baneling x21  
  194  10:04  Baneling x4  
  194  10:05  Baneling x4  
  194  10:13  Hatchery  
  193  10:18  Baneling x11  
  193  10:19  Baneling  
  192  10:25  Overseer  
  132  10:54  Infestor x2  
  132  10:55  Infestor x3  
  135  10:59  Zergling x2  
  135  11:00  Zergling x36  
  135  11:02  Zergling x12  
  135  11:03  Zergling x36  
  158  11:21  Ultralisk x2  
  158  11:24  Baneling  
  158  11:25  Baneling x6  
  167  11:41  Spine Crawler  
  167  11:42  Spine Crawler x3  
  167  11:44  Spine Crawler  
  167  11:45  Drone  
  167  11:46  Drone  
  164  11:47  Spine Crawler  
  164  11:48  Zerg Ground Armor Level 3  
  164  11:49  Spine Crawler  
  164  11:52  Drone x3  
  165  11:56  Hatchery  
  165  11:57  Baneling  
  165  11:58  Baneling x15  
  164  12:03  Zergling x4  
  164  12:04  Zergling x6  
  169  12:10  Zergling x2  
  169  12:11  Zergling x10  
  175  12:26  Overlord  
  174  12:30  Baneling x2  
  174  12:31  Baneling  
  174  12:34  Ultralisk x3  
  191  13:02  Zergling x4  
  191  13:03  Zergling x2  
  194  13:13  Extractor  
  194  13:15  Zergling x2, Extractor, Baneling x5  
  194  13:16  Zergling x14  
  194  13:17  Overlord  
  199  13:40  Zerg Melee Weapons Level 3  
  199  13:45  Baneling x13  
  199  13:46  Baneling x31  
  199  13:47  Baneling x9  
  106  14:17  Spire  
  106  14:18  Infestor x4  
  106  14:20  Zergling x2  
  106  14:21  Zergling x48  
  106  14:22  Zergling x4  
  140  14:39  Roach x5  
  150  14:50  Drone  
  150  14:51  Drone, Queen  
  154  14:54  Baneling x3  
  154  14:58  Drone x2  
  154  14:59  Spore Crawler  
  155  15:02  Ravager  
  155  15:03  Ravager x4  
  159  15:12  Ultralisk  
  159  15:13  Ultralisk  
  171  15:19  Queen  
  168  15:41  Corruptor x7  
  180  15:44  Zerg Flyer Armor Level 1  
  180  15:50  Drone  
  180  15:51  Drone x2  
  180  15:53  Spore Crawler  
  176  16:17  Ultralisk  
  176  16:18  Ultralisk x2  
  194  16:28  Baneling x6  
  194  16:29  Baneling x9  
  194  16:42  Extractor x2  
  192  17:02  Ultralisk  
  192  17:05  Baneling x4  
  179  17:38  Zergling x12  
  179  17:41  Baneling x3  
  179  17:42  Drone x2  
  179  17:43  Corruptor x6  
  198  17:54  Greater Spire  
  198  17:55  Zerg Missile Weapons Level 1  
  198  18:14  Spore Crawler  
  197  19:07  Hatchery  
  197  19:08  Baneling x19  
  197  19:09  Baneling x3  
  196  19:11  Zerg Flyer Armor Level 2  
  196  19:15  Spire  
  172  20:15  Ultralisk x2  
  172  20:20  Overlord  
  181  20:21  Overlord x3  
  181  20:22  Drone  
  181  20:23  Ultralisk  
  154  20:45  Ultralisk x2  
  154  20:47  Ultralisk  
  154  20:48  Ultralisk x5  
  197  20:58  Baneling  
  197  20:59  Baneling x15  
  197  21:09  Spine Crawler x2, Extractor  
  197  21:10  Spine Crawler  
  197  21:11  Spine Crawler, Extractor  
  192  21:12  Zergling x6  
  192  21:13  Spine Crawler, Zergling x8  
  192  21:18  Zergling x10  
  195  21:29  Spine Crawler  
  195  21:30  Spine Crawler  
  157  21:54  Corruptor x7  
  157  21:56  Zergling x2  
  157  21:57  Zergling x52  
  157  21:58  Zergling x8  
  157  22:00  Baneling  
  157  22:01  Baneling x5  
  200  22:11  Spore Crawler  
  200  22:12  Spore Crawler  
  200  22:13  Baneling x5  
Show
View Real Time Build Order
Export as new Build Order

TOP Terran 

Build Orders: Reaper Expand, Bio Tank 

Get SALT Encoding   

  12  0:00  SCV  
  13  0:13  SCV  
  14  0:17  Supply Depot  
  14  0:25  SCV  
  15  0:39  SCV  
  15  0:40  Barracks  
  16  0:43  Refinery  
  16  0:51  SCV  
  17  1:03  SCV  
  18  1:15  SCV  
  19  1:27  Reaper, Orbital Command  
  20  1:43  Command Center  
  20  1:48  Supply Depot  
  20  1:54  SCV  
  21  1:59  Barracks Reactor  
  21  2:06  SCV  
  22  2:23  Command Center  
  22  2:32  Factory  
  22  2:40  SCV  
  22  2:43  Marine x2  
  25  2:52  SCV  
  25  2:55  Refinery  
  25  2:56  Orbital Command  
  26  3:01  Marine x2  
  26  3:04  SCV  
  29  3:15  Starport  
  29  3:16  SCV  
  30  3:23  SCV  
  30  3:26  Barracks Tech Lab, Hellion  
  33  3:32  SCV, Hellion  
  35  3:38  Orbital Command  
  35  3:42  SCV  
  35  3:44  Marine  
  35  3:47  SCV  
  38  3:52  Medivac  
  38  3:53  Stimpack  
  40  4:01  SCV x2  
  42  4:03  Factory Tech Lab  
  42  4:05  Marine  
  43  4:10  Barracks  
  43  4:13  Refinery, Orbital Command  
  43  4:14  Refinery  
  43  4:19  SCV  
  43  4:20  SCV  
  43  4:21  Barracks  
  43  4:23  Marine  
  46  4:25  Liberator  
  46  4:32  SCV x2  
  48  4:39  SCV  
  48  4:41  Marine  
  48  4:44  SCV  
  48  4:45  Siege Tank  
  57  4:46  SCV  
  57  4:51  SCV  
  59  4:56  SCV  
  59  4:59  SCV  
  61  5:03  Supply Depot  
  61  5:07  SCV, Barracks  
  61  5:08  Barracks  
  61  5:09  Marine x2  
  61  5:11  Marine  
  66  5:14  SCV x2  
  66  5:20  Supply Depot  
  66  5:21  Barracks Reactor, Siege Tank  
  69  5:24  SCV  
  69  5:26  SCV  
  69  5:27  Marine  
  73  5:28  Starport Reactor  
  72  5:36  Engineering Bay  
  72  5:38  SCV x2, Engineering Bay  
  72  5:39  SCV  
  72  5:42  Marine  
  77  5:50  Supply Depot  
  77  5:51  Supply Depot  
  77  5:55  Siege Tank  
  77  5:56  Marine  
  83  5:58  SCV  
  83  6:00  Combat Shields  
  83  6:04  Marine x2  
  84  6:06  Barracks Reactor x2  
  84  6:07  SCV x2  
  84  6:11  Marine x2  
  85  6:13  Marine  
  84  6:21  SCV, Marine x2, Supply Depot x2  
  84  6:22  SCV  
  88  6:26  Terran Infantry Weapons Level 1  
  88  6:27  Terran Infantry Armor Level 1  
  88  6:28  SCV  
  88  6:32  Marine  
  92  6:34  Medivac  
  92  6:36  Marine x2, Medivac  
  96  6:47  SCV x2  
  96  6:48  SCV, Supply Depot x2  
  99  6:54  Marine x2  
  99  6:55  Marine x4  
  99  6:57  Siege Tank  
  108  7:03  SCV x2  
  108  7:04  SCV  
  108  7:05  Armory  
  111  7:08  Marine x3  
  111  7:12  Marine  
  111  7:15  SCV  
  116  7:16  Marine x5  
  119  7:26  Marine  
  119  7:27  Supply Depot x2  
  119  7:29  SCV x2, Siege Tank  
  125  7:31  Marine x3  
  125  7:32  Refinery x2  
  125  7:34  Marine  
  129  7:40  SCV  
  129  7:41  SCV  
  129  7:42  Supply Depot  
  129  7:43  Factory  
  131  7:44  Marine x2  
  131  7:48  Marine x3  
  131  7:49  Marine x2  
  131  7:50  Marine  
  128  7:51  Marine  
  128  7:56  Medivac  
  131  8:02  Marine x2  
  131  8:03  Command Center  
  133  8:06  Marine x3  
  133  8:07  Marine  
  133  8:11  Terran Vehicle Weapons Level 1  
  136  8:19  Marine x3  
  132  8:20  Marine x2  
  132  8:24  Marine  
  135  8:29  Siege Tank  
  135  8:30  Marine x2, Medivac x2  
  135  8:31  Marine  
  135  8:34  Factory Tech Lab  
  145  8:36  Terran Infantry Weapons Level 2, Terran Infantry Armor Level 2  
  145  8:37  Marine x3  
  145  8:38  Marine x2  
  150  8:41  Supply Depot, Marine  
  150  8:42  Supply Depot  
  151  8:48  Marine x3  
  151  8:54  Supply Depot x2, Marine, Liberator x2  
  155  9:03  Siege Tank  
  155  9:08  Supply Depot  
  158  9:12  Siege Tank, Barracks  
  158  9:13  Barracks  
  158  9:14  Barracks  
  158  9:17  Marauder, Marine x2  
  171  9:30  Marine x4  
  170  9:36  Siege Tank, Marine x3  
  170  9:37  Marine  
  177  9:39  Marine  
  175  9:47  Ghost Academy  
  175  9:48  Marine x3  
  175  9:50  Marine  
  179  9:54  Command Center, Marine, Medivac x2  
  184  10:04  Planetary Fortress  
  184  10:11  Barracks Tech Lab x3  
  184  10:14  Starport  
  184  10:21  Ghost  
  184  10:22  Liberator  
  184  10:24  Medivac  
  184  10:28  Missile Turret  
  188  10:30  Ghost  
  184  10:36  Liberator  
  160  10:48  Ghost x2  
  144  10:50  Ghost  
  142  10:58  Ghost  
  125  11:04  Marine, Liberator  
  125  11:05  Marine x2  
  122  11:16  Ghost x2  
  126  11:18  Ghost  
  126  11:24  Liberator  
  131  11:27  Liberator  
  119  11:40  Ghost  
  119  11:45  Ghost  
  129  11:47  Liberator  
  129  11:51  Ghost  
  127  12:02  Ghost  
  132  12:09  Marauder  
  132  12:14  Marauder  
  136  12:19  Ghost  
  137  12:30  Ghost x2  
  137  12:35  Ghost  
  143  12:42  Terran Infantry Weapons Level 3  
  143  12:48  Ghost  
  143  12:50  Liberator  
  134  12:58  Ghost  
  134  13:02  Orbital Command  
  138  13:05  Ghost  
  138  13:07  Command Center  
  141  13:13  Marauder, Marine x2  
  141  13:15  Marine  
  141  13:17  Marauder  
  141  13:19  Marine x2  
  150  13:21  Marine  
  150  13:27  Marine x2  
  150  13:35  Marine x2  
  150  13:37  Marine  
  148  13:42  Marine  
  148  13:46  Marine  
  148  13:47  Marine x2  
  118  14:12  Liberator x3  
  118  14:14  Marine  
  118  14:15  Marine x2, Marauder  
  118  14:16  Marauder x3, Marine x5  
  119  14:32  Hi-Sec Auto Tracking, Marine  
  119  14:33  Marine x3  
  119  14:34  Marine x3  
  119  14:35  Missile Turret  
  119  14:36  Marauder  
  119  14:37  Marauder x2  
  131  14:39  Marauder, Marine  
  131  14:41  Missile Turret  
  131  14:43  Missile Turret  
  134  14:50  Marine  
  134  14:51  Marine x3  
  138  14:54  Marine x2  
  138  14:57  Marauder  
  138  14:58  Marine  
  138  14:59  Marauder, Marine  
  146  15:04  Missile Turret  
  147  15:14  Marine  
  148  15:15  Ghost  
  146  15:23  Ghost, Marine  
  149  15:37  Marine  
  149  15:38  Marauder  
  149  15:40  Planetary Fortress  
  149  15:41  Ghost  
  154  15:46  Ghost  
  156  15:51  Ghost  
  158  16:00  Ghost  
  158  16:03  Marine  
  145  16:09  Sensor Tower  
  145  16:11  Marauder  
  147  16:14  Refinery x2  
  144  16:21  Ghost  
  146  16:27  Ghost, Marine  
  146  16:28  Marine  
  146  16:30  Marauder  
  152  16:36  Personal Cloaking  
  152  16:39  Liberator x2, Marine x3  
  155  16:52  Marine  
  155  16:53  Marauder  
  164  17:04  Ghost  
  164  17:06  Ghost  
  168  17:12  Marine x2  
  168  17:13  Marauder  
  168  17:14  Marauder  
  174  17:25  Liberator  
  174  17:29  Missile Turret x2  
  173  17:35  Orbital Command  
  162  17:39  Ghost  
  165  17:58  Command Center  
  165  18:09  Ghost  
  167  18:16  Medivac  
  169  18:27  Refinery, Ghost  
  169  18:28  Refinery  
  170  18:46  Ghost  
  172  18:55  Liberator  
  172  19:07  Ghost  
  174  19:14  Starport Reactor  
  174  19:15  Marine  
  174  19:16  Marauder, Marine  
  181  19:19  Liberator  
  181  19:30  Missile Turret  
  181  19:32  Missile Turret  
  181  19:33  Missile Turret  
  178  20:13  Ghost  
  178  20:14  Ghost, Marine x2  
  172  20:15  Marauder x2  
  174  20:30  Orbital Command  
  159  20:41  Liberator x2  
  156  20:43  Marauder x2, Marine x2  
  168  21:14  Marauder x2, Marine x2  
  171  21:24  Marine  
  171  21:25  Marauder  
  170  21:31  Marine  
  171  21:36  Marauder  
  128  21:48  Marine x2  
  128  21:49  Marauder x2  
  128  21:53  Marine  
  135  21:58  Marauder  
  135  22:00  Refinery x2  
  137  22:06  Marine  
  137  22:07  Marauder  
  140  22:09  Marine  
  140  22:10  Missile Turret, Marauder  
  140  22:11  Marine  
  140  22:13  Missile Turret x2  
  144  22:16  Missile Turret  
  144  22:19  Marauder  
Tags
 
Add a new tag
Caveats
  • Supply blocks, unpowered buildings, or Contaminate may cause inaccurate times.
  • Supply counts are checked every 10 seconds.